 Dungeon Crawl Stone Soup version 0.26-a0-64-g059e62fbdb (webtiles) character file.

Game seed: 3342679205031550688

33 vurker the Vexing (level 3, 0/27 HPs)
             Began as a Formicid Arcane Marksman on June 11, 2020.
             Slain by a kobold
             ... wielding a +0 whip
              (2 damage)
             ... on level 1 of the Dungeon.
             The game lasted 00:01:44 (687 turns).

vurker the Vexing (Formicid Arcane Marksman)         Turns: 687, Time: 00:01:45

Health: 0/27       AC:  2    Str: 15    XL:     3   Next: 47%
Magic:  4/4        EV: 12    Int: 12    God:
Gold:   62         SH:  0    Dex: 11    Spells: 0/4 levels left

rFire    . . .     SeeInvis +   b - +0 short sword
rCold    . . .     Gourm    .   (no shield)
rNeg     . . .     Faith    .   f - +0 robe
rPois    .         Spirit   .   (helmet unavailable)
rElec    .         Reflect  .   (no cloak)
rCorr    .         Harm     .   (no gloves)
MR       .....                  (no boots)
Stlth    +.........             (no amulet)
HPRegen  0.09/turn              (no ring)
MPRegen  0.09/turn              (no ring)

@: no status effects
A: permanent stasis, dig shafts and tunnels, four strong arms, antennae 3
a: Dig, Shaft Self


You were on level 1 of the Dungeon.
You were not hungry.

You visited 1 branch of the dungeon, and saw 1 of its levels.

You collected 62 gold pieces.

Inventory:

Hand Weapons
 a - a +0 hand crossbow
 b - a +0 short sword (weapon)
   (You found it on level 1 of the Dungeon)
Missiles
 d - 19 bolts
Armour
 f - a +0 robe (worn)
Scrolls
 g - a scroll of amnesia {unknown}
 h - a scroll of fog {unknown}
 i - a scroll of blinking {unknown}
 k - a scroll of identify {unknown}
Potions
 c - a potion of degeneration {unknown}
 l - a potion of berserk rage {unknown}
Comestibles
 e - a ration
 j - a chunk of flesh


   Skills:
 + Level 1.7 Fighting
 * Level 2.8 Crossbows
 + Level 1.3 Armour
 - Level 1.7 Dodging
 - Level 1.1 Spellcasting
 * Level 3.7 Hexes
 * Level 0.1 Translocations


You couldn't memorise any spells.
You knew the following spells:

 Your Spells              Type           Power        Failure   Level  Hunger
a - Portal Projectile     Hex/Tloc       #.....       38%         3    ####...
b - Corona                Hex            #......      6%          1    ##.....

Your spell library contained the following spells:

 Spells                   Type           Power        Failure   Level  Hunger
 Slow                     Hex            #.......     10%         2    ###....
 Inner Flame              Hex/Fire       #.......     38%         3    ####...
 Cause Fear               Hex            #.........   54%         4    #####..
 Leda's Liquefaction      Hex/Erth       #.........   80%         4    #####..


Dungeon Overview and Level Annotations

Branches:
Dungeon (1/15)

Altars:


Innate Abilities, Weirdness & Mutations

You cannot be hasted, slowed, berserked, paralysed or teleported.
You can dig through walls and to a lower floor.
Your four strong arms can wield two-handed weapons with a shield.
You have a pair of large antennae on your head. (SInv)


Message History

You hit the goblin.
You kill the goblin!
No target in view!
No target in view!
You sense a monster nearby.
A goblin comes into view. It is wielding a +0 club.
A goblin is nearby!
A goblin is nearby!
The goblin shouts!
You hear a shout!
A rat comes into view.
The goblin misses you.
Found a stone staircase leading down.
You closely miss the goblin. The goblin misses you.
You closely miss the goblin.
A kobold comes into view. It is wielding a +0 whip.
A hobgoblin comes into view.
The goblin closely misses you.
The kobold shouts!
You hit the goblin. The goblin hits you but does no damage.
You hit the goblin. The goblin misses you.
You barely miss the goblin. The goblin hits you with a +0 club.
You hit the rat but do no damage. The rat bites you.
You hit the rat.
You kill the rat!
You closely miss the hobgoblin. The hobgoblin hits you.
You closely miss the hobgoblin. The hobgoblin hits you.
Some of the chunks of flesh in your inventory have rotted away.
You barely miss the hobgoblin. The hobgoblin barely misses you.
You hit the hobgoblin. The hobgoblin hits you.
You barely miss the hobgoblin. The hobgoblin misses you.
You hit the hobgoblin. The hobgoblin hits you.
You hit the hobgoblin.
You kill the hobgoblin!
You hit the goblin but do no damage. The goblin closely misses you.
You barely miss the goblin. The goblin misses you.
You barely miss the goblin. The goblin hits you but does no damage.
You barely miss the goblin. The goblin hits you with a +0 club.
You barely miss the goblin. The goblin misses you.
You closely miss the goblin. The goblin barely misses you.
You hit the goblin.
You kill the goblin!
You barely miss the kobold. The kobold misses you.
You hit the kobold but do no damage. The kobold closely misses you.
Some of the chunks of flesh in your inventory have rotted away.
You closely miss the kobold. The kobold hits you with a +0 whip.
* * * LOW HITPOINT WARNING * * *
You hit the kobold. The kobold hits you with a +0 whip!
* * * LOW HITPOINT WARNING * * *
You hit the kobold but do no damage. The kobold hits you with a +0 whip.
You die...

..#########.#### #####.#
#.# #...#.# #.# # #.#.#.#
#.# #.#.#.#.# #####.#
.####.#.#.#.### #.....#
>.............# #.###.####
........#K#.#.###.# #.....
........#@#.#..##.###.####
........#.#.##.##.........
....g..K#.#.##.######.####
............##..# #.###
.......##.#####.# #...##
....... ........## #.#.'.
....... #.#####..# #.####
#.# #..## #.# #(..# #.#


You could see a kobold.

Vanquished Creatures
  An ooze (D:1)
  2 dart slugs (D:1)
  A leopard gecko (D:1)
  2 bats (D:1)
  2 giant cockroaches (D:1)
  3 goblins (D:1)
  A hobgoblin (D:1)
  5 jackals (D:1)
  A kobold (D:1)
  4 rats (D:1)
22 creatures vanquished.

Notes
Turn   | Place    | Note
-------+----------+-------------------------------------------
     0 | D:1      | vurker the Formicid Arcane Marksman began the quest for the
                  | Orb.
     0 | D:1      | Reached XP level 1. HP: 15/15 MP: 2/2
   142 | D:1      | Reached XP level 2. HP: 18/21 MP: 3/3
   289 | D:1      | Reached skill level 1 in Armour
   435 | D:1      | Reached XP level 3. HP: 25/27 MP: 4/4
   478 | D:1      | Learned a level 3 spell: Portal Projectile
   687 | D:1      | Slain by a kobold

Illustrated notes

Levels and vault maps discovered:
D:1:      evilmike_arrival_plus, layout_basic

Skill      XL: |  1  2 |
---------------+-------+-----
Armour         | 1 |  1.3
Fighting       | |  1.7
Crossbows      | |  2.8
Dodging        | |  1.7
Spellcasting   | |  1.1
Hexes          | |  3.7
Translocations | |  0.1

Action                   || total
-------------------------++-------
Melee: Short sword       ||    50
 Fire: Hand crossbow     ||    40
Armor: Robe              ||    12
Dodge: Dodged            ||    52

Table legend:
 A = Non-vault XP
 B = Vault XP
 C = Vault XP percentage of total XP
 D = Non-vault monster count
 E = Vault monster count
 F = Vault count percentage of total count
                 A         B        C        D         E       F
            +---------+---------+-------+---------+---------+-------
      Total |      48 |       0 |   0.0 |      22 |       0 |   0.0
            +---------+---------+-------+---------+---------+-------
        D:1 |      48 |       0 |   0.0 |      22 |       0 |   0.0
            +---------+---------+-------+---------+---------+-------
